 Dungeon Crawl Stone Soup version 0.20.0-10-g0535bb4 (webtiles) character file.

119 Revguard the Ruffian (level 5, 0/44 (45) HPs)
             Began as a Ghoul Monk on June 7, 2017.
             Was a Believer of Ashenzari.
             Slain by a sixfirhy (11 damage)
             ... on level 1 of the Abyss.
             The game lasted 00:23:55 (2109 turns).

Revguard the Ruffian (Ghoul Monk)                   Turns: 2109, Time: 00:23:55

HP:   0/44 (45)     AC: 10    Str: 15    XL:     5   Next: 3%
MP:   4/4           EV:  7    Int:  5    God:    Ashenzari [**....]
Gold: 121           SH:  0    Dex: 12    Spells: 4/4 levels left

rFire    . . .     SeeInvis .     - Unarmed
rCold    + . .     Gourm    .   (no shield)
rNeg     + + +     Faith    .   j - +0 chain mail
rPois    ∞         Spirit   .   k - +0 helmet
rElec    .         Reflect  .   (no cloak)
rCorr    .         Harm     .   d - +0 pair of gloves
MR       .....                  (no boots)
Stlth    ..........             l - amulet of inaccuracy (curse)
Regen    0.0/turn               (no ring)
MPRegen  0.1/turn               (no ring)

@: rotting
A: rotting body, claws 1, carnivore 3, cold resistance 1, negative energy
resistance 3, inhibited regeneration, torment resistance, unbreathing
a: Curse Item, Scrying, Renounce Religion


You were on level 1 of the Abyss.
You worshipped Ashenzari.
Ashenzari was pleased with you.
You were not hungry.

You visited 1 branch of the dungeon, and saw 3 of its levels.
You visited the Abyss 1 time.

You collected 121 gold pieces.

Inventory:

Hand Weapons
 h - a +1 whip
 p - a +0 short sword of speed
Armour
 a - a +0 robe
 d - a +0 pair of gloves (worn)
 e - a +0 scale mail
 j - a +0 chain mail (worn)
 k - a +0 helmet (worn)
 m - a +0 leather armour
 n - a +0 robe
Jewellery
 l - a cursed amulet of inaccuracy (around neck)
Scrolls
 i - a scroll of magic mapping
Potions
 c - a potion of might
 f - a potion of curing {unknown}
 g - a potion of haste {unknown}
Comestibles
 b - 2 meat rations


   Skills:
 + Level 3.6 Fighting
 - Level 1.7 Armour
 * Level 3.1 Dodging
 - Level 2.1 Stealth
 + Level 4.8 Unarmed Combat


You had 4 spell levels left.
You didn't know any spells.

Dungeon Overview and Level Annotations

Branches:
Dungeon (3/15)

Altars:
Ashenzari
Ru
Xom


Innate Abilities, Weirdness & Mutations

Your body is rotting away.
You thrive on raw meat.
You are immune to poison.
You have sharp fingernails.
You are carnivorous and can eat meat at any time.
Your flesh is cold resistant. (rC+)
You are immune to negative energy. (rN+++)
You do not regenerate when monsters are visible.
You are immune to unholy pain and torment.
You can survive without breathing.


Message History

You hit the worldbinder but do no damage.
The worldbinder hits you.
The worldbinder hits you but does no damage.
You closely miss the worldbinder.
You punch the worldbinder, but do no damage.
You are suddenly pulled into a different region of the Abyss!
The black mamba disappears in a puff of smoke!
Found an uncursed long sword.
Found 16 stones.
You closely miss the sixfirhy.
The sixfirhy hits you but does no damage. x2
The sixfirhy barely misses you. The sixfirhy hits you. The sixfirhy shocks you!
You completely miss the sixfirhy. You barely miss the sixfirhy.
You completely miss the sixfirhy.
The sixfirhy hits you but does no damage.
You hit the sixfirhy but do no damage. The sixfirhy hits you!
* * * LOW HITPOINT WARNING * * *
The sixfirhy shocks you!
You die...

* , , .##..,,.
* ## , .. ..#
#.## , ,* #.
#.. # *#..#* *
# *. *, ,#.. *
.. # #.##### ##
#.### * , ,
##..#..##.# ..
. ,,
###.#..3(....##
# ,#.## *
.......@....#
..## ##...
.#...#...#...#
#... .#.# ...,
#....#...# . #
.#.# #
,####.### .. ..
.... , * ###
#.##.#.#. #
*,*, ,*
*#.#..#.#. . ,*
, * * ##.. ##
### ,, , ,,#..#
* ** ,... ,, *


You could see a sixfirhy.

Vanquished Creatures
  4 adders
  5 worms
  4 dart slugs
  2 leopard geckos
  3 orcs (D:3)
  2 giant cockroaches
  5 goblins
  5 hobgoblins
  5 jackals
  A quokka (D:3)
  5 bats
  4 frilled lizards
  6 kobolds
  6 rats
57 creatures vanquished.

Vanquished Creatures (others)
  6 toadstools (D:3)
6 creatures vanquished.

Grand Total: 63 creatures vanquished

Notes
Turn   | Place    | Note
-------+----------+-------------------------------------------
     0 | D:1      | Revguard the Ghoul Monk began the quest for the Orb.
     0 | D:1      | Reached XP level 1. HP: 19/19 MP: 0/0
    88 | D:1      | Reached XP level 2. HP: 24/24 MP: 1/1
   352 | D:1      | Reached XP level 3. HP: 23/31 MP: 2/2
   546 | D:2      | Reached skill level 4 in Unarmed Combat
   819 | D:2      | Reached XP level 4. HP: 38/38 MP: 3/3
   900 | D:2      | Found a sacrificial altar of Ru.
  1060 | D:3      | Found a shattered altar of Ashenzari.
  1085 | D:3      | Reached skill level 1 in Armour
  1152 | D:3      | Became a worshipper of Ashenzari the Shackled
  1152 | D:3      | Reached * piety under Ashenzari
  1152 | D:3      | Reached ** piety under Ashenzari
  1551 | D:3      | Found a shimmering altar of Xom.
  1664 | D:3      | Reached XP level 5. HP: 32/45 MP: 4/4
  1948 | D:3      | Cast into level 1 of the Abyss (kobold)
  2030 | Abyss:1  | Noticed a worldbinder
  2033 | Abyss:1  | Noticed a naga
  2037 | Abyss:1  | Noticed a black mamba
  2039 | Abyss:1  | Noticed a black mamba
  2102 | Abyss:1  | Noticed a sixfirhy
  2109 | Abyss:1  | Slain by a sixfirhy

Skill      XL: |  1  2  3  4 |
---------------+-------------+-----
Dodging        | 3 |  3.1
Unarmed Combat | 4 |  4.8
Armour         | 1 |  1.7
Fighting       | |  3.6
Stealth        | |  2.1

Action                   |  1- 3 |  4- 6 || total
-------------------------+-------+-------++-------
Melee: Unarmed           |    98 |   138 ||   236
       Punch             |     3 |     2 ||     5
  Use: Scroll            |     1 |     3 ||     4
  Eat: Chunk             |    11 |    12 ||    23
       Meat ration       |       |     1 ||     1
Armor: Robe              |     4 |       ||     4
       Scale mail        |    21 |       ||    21
       Chain mail        |     6 |   118 ||   124
Dodge: Dodged            |    53 |    78 ||   131
